 Dungeon Crawl Stone Soup version 0.19-a0-450-g98b348d (webtiles) character file.

125967 Goblin1989 the Unseen (level 16, -14/99 HPs)
             Began as a Vine Stalker Assassin on June 1, 2016.
             Was a Follower of Uskayaw.
             Demolished by a wolf spider (23 damage)
             ... on level 4 of the Spider Nest.
             The game lasted 01:30:35 (23361 turns).

Goblin1989 the Unseen (Vine Stalker Assassin)      Turns: 23361, Time: 01:30:35

Health: -14/99     AC: 13    Str: 15    XL:     16   Next: 97%
Magic:  0/26       EV: 24    Int: 13    God:    Uskayaw [*.....]
Gold:   1028       SH: 20    Dex: 32    Spells: 5 memorised, 0 levels left

rFire  + . .     SeeInvis +     f - +5 dagger "Etilif" {venom, rC+ MP+9 Int+2 Dex+3}
rCold  + . .     Gourm    .     l - +0 troll leather armour {regen}
rNeg   . . .     Faith    .     p - +0 shield
rPois  +         Spirit   +     V - +2 helmet {SInv}
rElec  +         Dismiss  .     H - +0 cloak {rPois}
rCorr  .         Reflect  +     z - +1 pair of gloves {archery}
SustAt .         Harm     .     T - +1 pair of boots
MR     +++..     Clarity  +     G - +6 amulet of reflection
Stlth  +++++++++.               O - ring "Waxkucot" {rF+ MR+ Dex+3 Stlth+}
                                u - +4 ring of dexterity

@: lethally poisoned (-14 -> -14), extremely resistant to hostile enchantments,
incredibly stealthy
A: fangs 3, camouflage 1, blink, clarity, regeneration 3, robust 1, electricity
resistance, magic shield, antimagic bite, no device heal 3, rot immunity
a: Blink, Stomp, Renounce Religion


You were on level 4 of the Spider Nest.
You worshipped Uskayaw.
Uskayaw was aware of your devotion.
You were hungry.

You visited 5 branches of the dungeon, and saw 28 of its levels.
You also visited: Labyrinth and Ice Cave.

You collected 1932 gold pieces.
You spent 904 gold pieces at shops.

Inventory:

Hand Weapons
 a - a +1 blowgun
 f - the +5 dagger "Etilif" (weapon) {venom, rC+ MP+9 Int+2 Dex+3}
   (You found it in an ice cave)

   It poisons the flesh of those it strikes.
   It affects your intelligence (+2).
   It affects your dexterity (+3).
   It protects you from cold.
   It affects your magic capacity (+9).
Missiles
 e - 95 poisoned needles
 r - 10 curare-tipped needles
 x - 6 javelins of penetration (quivered)
 N - a throwing net {=f, !d}
Armour
 l - a +0 troll leather armour (worn) {regen}
 p - a +0 shield (worn)
 z - a +1 pair of gloves of archery (worn)
 H - a +0 cloak of poison resistance (worn)
 T - a +1 pair of boots (worn)
 V - a +2 helmet of see invisible (worn)
Jewellery
 u - a +4 ring of dexterity (left hand)
 y - an uncursed ring of ice {rC+, rF-}
 A - an uncursed ring of protection from magic {MR+, !d}
 G - a +6 amulet of reflection (around neck)
 I - an uncursed ring of fire {rF+, rC-}
 O - the ring "Waxkucot" (right hand) {rF+ MR+ Dex+3 Stlth+}
   (You found it in a labyrinth)

   [ring of protection from fire]

   It affects your dexterity (+3).
   It protects you from fire.
   It affects your resistance to hostile enchantments.
   It makes you more stealthy.
 X - a +5 ring of intelligence
 Y - an uncursed ring of protection from cold {rC+, !d}
 Z - an uncursed amulet of regeneration {unknown}
Wands
 d - a wand of teleportation (5/9)
 o - a wand of disintegration (14/24)
 W - a wand of digging (7/24)
Scrolls
 c - 3 scrolls of amnesia {unknown}
 h - 2 scrolls of enchant weapon
 i - 12 scrolls of remove curse
 j - 8 scrolls of teleportation
 k - a scroll of acquirement {unknown}
 m - 2 scrolls of vulnerability {unknown}
 n - 9 scrolls of fog
 q - 2 scrolls of magic mapping {!r}
 v - 4 scrolls of fear
 B - 4 scrolls of recharging
 P - 2 scrolls of brand weapon {unknown}
 U - 2 scrolls of random uselessness {unknown}
Potions
 s - 4 potions of cure mutation {!q}
 t - 2 potions of brilliance
 w - 3 potions of cancellation
 C - 4 potions of curing
 D - a potion of magic
 K - 4 potions of flight
 L - 4 potions of lignification {!q}
 Q - 2 potions of ambrosia
 R - 2 potions of agility
 S - 2 potions of might
Comestibles
 b - 8 royal jellies
 g - 13 bread rations
 E - 13 fruits
 F - 4 slices of pizza
 J - 13 meat rations
 M - 3 beef jerkies


   Skills:
 - Level 12.7 Fighting
 - Level 10.3 Short Blades
 - Level 1.7 Throwing
 - Level 5.0 Armour
 - Level 10.6 Dodging
 + Level 18.7 Stealth
 * Level 12.0 Shields
 - Level 4.0 Hexes


You couldn't memorise any spells.
You knew the following spells:

 Your Spells              Type           Power        Failure   Level  Hunger
a - Confusing Touch       Hex            ##....       17%         2    ###....
b - Confuse               Hex            ##......     34%         3    ####...
c - Animate Skeleton      Necr           N/A          58%         1    ##.....
d - Apportation           Tloc           #.........   58%         1    ##.....
e - Necromutation         Tmut/Necr      #.........   100%        8    #######


Dungeon Overview and Level Annotations

Branches:
Dungeon (13/15)            Temple (1/1) D:6            Lair (8/8) D:9
  Swamp (0/4) Lair:3       Spider (4/4) Lair:5        Slime (0/6) Lair:8
    Orc (2/2) D:11            Elf (0/3) Orc:2
 Vaults: D:13-14

Altars:
Ashenzari
Cheibriados
Dithmenos
Elyvilon
Fedhas
Gozag
Hepliaklqana
Kikubaaqudgha
Makhleb
Nemelex Xobeh
Okawaru
Pakellas
Qazlal
Ru
Sif Muna
Trog
Uskayaw
Vehumet
Xom
Yredelemnul
Zin
The Shining One
Beogh
Jiyva

Shops:
D:4 ?   Orc:2 }[}(

Annotations:
D:8 McCoppin's ghost, novice DsGl


Innate Abilities, Weirdness & Mutations

You have razor-sharp teeth.
You regenerate.
When hurt, damage is shared between your health and your magic reserves.
Your bite disrupts and absorbs the magic of your enemies.
Potions and wands cannot restore your health.
You are immune to rotting.
Your skin changes colour to match your surroundings (Stealth+).
You can translocate small distances at will.
You possess an exceptional clarity of mind.
You are robust. (+10% HP)
You are resistant to electric shocks. (rElec)


Message History

An emperor scorpion comes into view.
You feel sick.
You feel sick.
You block the wolf spider's attack. x2; The redback bites you.
* * * LOW HITPOINT WARNING * * *
You block the wolf spider's attack. The wolf spider bites you!
* * * LOW HITPOINT WARNING * * *
The redback misses you. The wolf spider barely misses you.
The wolf spider bites you.
* * * LOW HITPOINT WARNING * * *
You feel sick. You block the redback's attack.
You block the wolf spider's attack. The wolf spider bites you.
* * * LOW HITPOINT WARNING * * *
Unknown command.
As you read the scroll labeled FEAHAG XANN, it crumbles to dust.
It is a scroll of enchant weapon.
Enchant which weapon? (? for menu, Esc to quit)
Your +0 blowgun glows red for a moment.
You feel sick. The redback closely misses you.
You block the wolf spider's attack. x2
You block the redback's attack. The wolf spider hits you!!
You die...

≈≈≈^.^.#..####.....#..###.
≈≈≈≈............#..##.....#
≈≈≈≈#..#......#.^....####..
#≈≈≈....^##.#.###...##.....
#≈≈≈.....[...^....#...#^.#^
#≈≈≈.^..#.##.s##.#.#.......
#≈≈≈...^^#....#..#...#.#..#
#≈≈≈....:..##...#.#.^.#....
##≈≈≈.^..^#@.#.#.#^..#..##..
##≈≈≈≈....yss#s...^##..###.#.
##≈≈≈≈≈#.....#s.#.##:.#.# . .
≈≈≈≈≈≈.....#..........#.# ..
#
≈≈≈≈≈...#≈#ys#.#.#.###^.....
≈≈≈s.....^...#.#.#.# ...##
.....#....#.#.)..^#. ###
..............#.##...
.........y^^.^.... #.


You could see a ghost moth (invisible), a demonic crawler, a wolf spider
(berserk), a moth of wrath, an orb spider, a tarantella and a redback (berserk).

Vanquished Creatures
  Norris (D:13)
  Frances (D:13)
  The ghost of Emanloe the Bludgeoner, an adept GrBe of Trog (Spider:4)
  A ghost moth (Spider:3)
  An emperor scorpion (Spider:1)
  Aizul (Spider:3)
  A minotaur (Lab)
  5 entropy weavers
  5 hydras
  Erica (Lair:1)
  A centaur warrior (D:13)
  A queen ant (Lair:2)
  A death knight (D:13)
  Nergalle (D:12)
  Urug (Lair:4)
  Sonja (Lair:2)
  3 orc knights (Orc:2)
  3 hill giants
  A lindwurm (Lair:7)
  14 orb spiders
  A deep elf mage (Orc:2)
  A necromancer (IceCv)
  A cyclops (D:12)
  4 orc sorcerers
  26 wolf spiders
  4 hornets
  An ugly thing (D:13)
  3 moths of wrath
  9 elephants (Lair:8)
  4 ice statues (IceCv)
  3 black mambas (Lair:6)
  Joseph (D:8)
  16 spiny frogs
  4 torpor snails
  2 centaur skeletons
  2 rime drakes
  10 ice devils (IceCv)
  7 komodo dragons
  A kobold demonologist (D:13)
  19 demonic crawlers
  A queen bee (Lair:5)
  37 jumping spiders
  3 trolls
  2 two-headed ogres (D:12)
  A polar bear (Lair:2)
  A merfolk (D:9)
  4 boulder beetles
  A giant leech (Lair:3)
  7 slime creatures (D:12)
  9 blink frogs
  A shadow (D:11)
  58 redbacks
  34 tarantellas
  34 yaks
  Sigmund (D:2)
  4 wyverns
  2 basilisks
  10 humans
  10 hippogriffs
  2 vampire mosquitoes (D:13)
  A mottled dragon (D:12)
  11 soldier ants (Lair:2)
  9 water moccasins
  22 orc warriors
  16 porcupines
  4 ice beasts
  4 sky beasts
  3 black bears
  3 wasps
  10 ogres
  2 necrophages
  A phantom (D:12)
  14 wolves
  11 centaurs
  20 crocodiles
  22 giant frogs
  2 wyvern zombies
  2 gnoll sergeants (Orc:2)
  A wyvern skeleton (D:10)
  6 scorpions
  5 jellies
  33 killer bees
  9 wights
  3 howler monkeys
  9 electric eels
  6 crimson imps
  2 giant frog zombies
  3 draconian simulacra (IceCv)
  A quasit (D:7)
  6 hounds
  8 orc priests
  4 giant frog skeletons
  9 iguanas
  5 hell rats (Lair:5)
  4 orc wizards
  A troll simulacrum (IceCv)
  28 worker ants
  25 sheep
  2 centaur simulacra (IceCv)
  Robin (D:2)
  14 gnolls
  A naga simulacrum (IceCv)
  3 ogre simulacra (IceCv)
  11 adders
  57 river rats
  A shadow imp (D:11)
  12 white imps (Lair:3)
  An ooze (D:1)
  An adder zombie (D:6)
  An adder skeleton (D:6)
  4 worms
  4 dart slugs
  6 giant geckos
  43 orcs
  4 bats
  4 giant cockroaches
  11 goblins
  9 hobgoblins
  12 jackals
  10 kobolds
  5 quokkas
  A ball python (D:3)
  2 giant gecko skeletons
  5 giant newts
  A jackal skeleton (D:6)
  3 quokka zombies
  3 rats (D:3)
943 creatures vanquished.

Vanquished Creatures (others)
  An orc knight (Orc:2)
  A jumping spider (Spider:2)
  6 orc warriors (Orc:2)
  5 centaurs (Orc:2)
  An orc wizard (D:5)
  7 orcs (Orc:2)
  8 fungi
  6 plants
35 creatures vanquished.

Grand Total: 978 creatures vanquished

Notes
Turn   | Place    | Note
--------------------------------------------------------------
     0 | D:1      | Goblin1989 the Vine Stalker Assassin began the quest for the Orb.
     0 | D:1      | Reached XP level 1. HP: 11/11 MP: 2/2
    46 | D:1      | Reached skill level 5 in Stealth
    54 | D:1      | Reached XP level 2. HP: 14/15 MP: 3/3
   571 | D:1      | You fall through a shaft!
   585 | D:2      | Reached XP level 3. HP: 18/18 MP: 4/4
   593 | D:2      | Noticed Robin
   602 | D:2      | Killed Robin
   602 | D:2      | Reached skill level 6 in Stealth
   677 | D:2      | Found a bloodstained altar of Trog.
   836 | D:2      | Reached XP level 4. HP: 23/23 MP: 5/5
  1082 | D:2      | Noticed Sigmund
  1086 | D:2      | Killed Sigmund
  1086 | D:2      | Reached skill level 7 in Stealth
  1086 | D:2      | Reached XP level 5. HP: 26/26 MP: 6/6
  1100 | D:2      | Reached skill level 8 in Stealth
  1100 | D:2      | Gained mutation: You heal very quickly. [Vine Stalker growth]
  1100 | D:2      | Reached XP level 6. HP: 30/30 MP: 7/7
  1531 | D:3      | Found a sacrificial altar of Ru.
  1722 | D:3      | Found a shadowy altar of Dithmenos.
  1980 | D:4      | Found a white marble altar of Elyvilon.
  2379 | D:4      | Reached skill level 9 in Stealth
  2428 | D:4      | Reached XP level 7. HP: 30/34 MP: 8/8
  2546 | D:4      | Found Voos's Magic Scroll Shoppe.
  2559 | D:4      | Bought a scroll of identify for 22 gold pieces
  2559 | D:4      | Bought a scroll of teleportation for 33 gold pieces
  2559 | D:4      | Bought a scroll of magic mapping for 38 gold pieces
  2559 | D:4      | Bought a scroll of blinking for 82 gold pieces
  2663 | D:5      | Entered Level 5 of the Dungeon
  2714 | D:5      | Found a shimmering altar of Xom.
  2714 | D:5      | Found a shimmering altar of Xom.
  2714 | D:5      | Found a shimmering altar of Xom.
  2919 | D:5      | Found an ancient bone altar of Kikubaaqudgha.
  2954 | D:5      | Reached skill level 10 in Stealth
  3006 | D:5      | Found a shimmering altar of Xom.
  3111 | D:5      | Gained mutation: You have razor-sharp teeth. [Vine Stalker growth]
  3111 | D:5      | Reached XP level 8. HP: 36/38 MP: 7/9
  3152 | D:5      | Found a sparkling altar of Nemelex Xobeh.
  3451 | D:5      | Reached skill level 11 in Stealth
  3673 | D:6      | Reached skill level 5 in Short Blades
  3703 | D:6      | Found a staircase to the Ecumenical Temple.
  3755 | Temple   | Entered the Ecumenical Temple
  3903 | Temple   | Became a worshipper of Uskayaw the Reveler
  3962 | D:6      | Reached * piety under Uskayaw
  3972 | D:6      | Reached skill level 1 in Shields
  3973 | D:6      | Reached ** piety under Uskayaw
  3989 | D:6      | Reached *** piety under Uskayaw
  4301 | D:6      | Found a stormy altar of Qazlal.
  4305 | D:6      | Reached XP level 9. HP: 42/42 MP: 10/10
  4550 | D:7      | Found a glowing golden altar of the Shining One.
  4751 | D:7      | Learned a level 2 spell: Confusing Touch
  4755 | D:7      | Learned a level 3 spell: Confuse
  5143 | D:8      | Noticed Joseph
  5175 | D:8      | Killed Joseph
  5175 | D:8      | Reached skill level 1 in Hexes
  5365 | D:8      | Found an iron altar of Okawaru.
  5535 | D:8      | Noticed McCoppin's ghost (novice DsGl)
  5690 | D:9      | Reached XP level 10. HP: 23/46 MP: 6/11
  6072 | D:9      | Reached **** piety under Uskayaw
  6372 | D:9      | Reached skill level 10 in Short Blades
  6426 | D:9      | Found a staircase to the Lair.
  6426 | D:9      | Noticed an elephant
  6853 | D:10     | Entered Level 10 of the Dungeon
  6891 | D:10     | Found an iron altar of Okawaru.
  6892 | D:10     | Reached skill level 1 in Dodging
  6892 | D:10     | Reached skill level 5 in Shields
  6965 | D:10     | Noticed a hill giant
  7002 | D:10     | Killed a hill giant
  7002 | D:10     | Reached skill level 1 in Armour
  7075 | D:10     | Reached XP level 11. HP: 10/51 MP: 5/12
  7285 | D:10     | Noticed a hill giant
  7307 | D:10     | Killed a hill giant
  7853 | D:11     | Found a staircase to the Orcish Mines.
  7869 | D:11     | Found a roughly hewn altar of Beogh.
  8199 | D:12     | Noticed Nergalle
  8228 | D:12     | Killed Nergalle
  8261 | D:12     | Noticed a cyclops
  8287 | D:12     | Killed a cyclops
  8287 | D:12     | Reached skill level 5 in Fighting
  8408 | D:12     | Paralysed by a wasp for 2 turns
  8872 | Lair:1   | Entered Level 1 of the Lair of Beasts
  8879 | Lair:1   | Reached skill level 12 in Stealth
  8883 | Lair:1   | Gained mutation: You are resistant to electric shocks. (rElec) [potion of beneficial mutation]
  9166 | Lair:1   | Noticed Erica
  9231 | Lair:1   | Killed Erica
  9598 | Lair:1   | Gained mutation: You regenerate. [Vine Stalker growth]
  9598 | Lair:1   | Reached XP level 12. HP: 51/63 MP: 13/13
  9870 | Lair:2   | Reached ***** piety under Uskayaw
 10022 | Lair:2   | Noticed a queen ant
 10031 | Lair:2   | Found a labyrinth entrance.
 10039 | Lab      | Entered a labyrinth
 10331 | Lab      | Noticed a minotaur
 10336 | Lab      | Killed a minotaur
 10346 | Lab      | Got a scorched brass ring
 10350 | Lab      | Identified the ring "Waxkucot" {rF+ MR+ Dex+3 Stlth+} (You found it in a labyrinth)
 10358 | Lab      | Gained mutation: You are agile. (Dex +2) [potion of mutation]
 10358 | Lab      | Gained mutation: You are robust. (+10% HP) [potion of mutation]
 10358 | Lab      | Lost mutation: You are agile. (Dex +2) [potion of mutation]
 10360 | Lab      | Got a polished quicksilver dragon armour {MR+}
 10360 | Lab      | Got a slimy scale mail
 10371 | Lab      | Identified the cursed +0 scale mail of Beyond {rC+} (You found it in a labyrinth)
 10382 | Lab      | Identified the quicksilver dragon armour "Jodelof" {rF+ MR+ Str+3 Int+4 Slay-3, MR+} (You found it in a labyrinth)
 10414 | Lair:2   | Reached skill level 13 in Stealth
 10500 | Lair:2   | Killed a queen ant
 10638 | Lair:2   | Noticed Sonja
 10651 | Lair:2   | Killed Sonja
 10742 | Lair:2   | Noticed a six-headed hydra
 10745 | Lair:2   | Gained mutation: You can translocate small distances at will. [potion of beneficial mutation]
 10746 | Lair:2   | Gained mutation: Your skin changes colour to match your surroundings (Stealth+). [potion of beneficial mutation]
 10884 | Lair:2   | Noticed a seven-headed hydra
 10923 | Lair:2   | Killed a seven-headed hydra
 11031 | Lair:2   | Reached skill level 10 in Fighting
 11341 | Lair:2   | Killed a six-headed hydra
 11464 | Lair:3   | Reached skill level 14 in Stealth
 11492 | Lair:3   | Found a frozen archway.
 11548 | IceCv    | Entered an ice cave
 11623 | IceCv    | Reached XP level 13. HP: 26/79 MP: 8/14
 12016 | IceCv    | Reached skill level 5 in Dodging
 12263 | IceCv    | Got a translucent cloak
 12274 | IceCv    | Identified the +1 cloak "Namarewn" {-Tele Int+7} (You found it in an ice cave)
 12286 | IceCv    | Got a faintly glowing dagger
 12287 | IceCv    | Identified the +5 dagger "Etilif" {venom, rC+ MP+9 Int+2 Dex+3} (You found it in an ice cave)
 12530 | Lair:3   | Found a staircase to the Swamp.
 13390 | Lair:4   | Noticed Urug
 13407 | Lair:4   | Killed Urug
 14202 | Lair:5   | Found a hole to the Spider Nest.
 14228 | Lair:5   | Reached skill level 15 in Stealth
 14419 | Lair:5   | Reached ****** piety under Uskayaw
 15087 | Lair:6   | Reached XP level 14. HP: 79/84 MP: 15/15
 15687 | Lair:7   | Learned a level 1 spell: Animate Skeleton
 15689 | Lair:7   | Learned a level 1 spell: Apportation
 16357 | Lair:8   | Entered Level 8 of the Lair of Beasts
 16465 | Lair:8   | Reached skill level 16 in Stealth
 16547 | Lair:8   | Reached skill level 10 in Dodging
 16817 | Lair:8   | Found a viscous altar of Jiyva.
 16823 | Lair:8   | Found a staircase to the Slime Pits.
 17474 | Orc:1    | Entered Level 1 of the Orcish Mines
 17593 | Orc:2    | Entered Level 2 of the Orcish Mines
 17622 | Orc:2    | Found a staircase to the Elven Halls.
 18054 | Orc:2    | Found Dilay's Antique Armour Emporium.
 18054 | Orc:2    | Found Ricium's Gadget Shop.
 18056 | Orc:2    | Found Nang's Antique Weapon Boutique.
 18058 | Orc:2    | Found Cir Jir's Gadget Shoppe.
 18062 | Orc:2    | Bought a pair of glowing gloves for 126 gold pieces
 18075 | Orc:2    | Bought a runed cloak for 126 gold pieces
 18086 | Orc:2    | Bought a shiny buckler for 126 gold pieces
 18108 | Orc:2    | Bought a wand of teleportation (5/9) for 351 gold pieces
 18424 | Orc:2    | Reached XP level 15. HP: 89/89 MP: 16/16
 18868 | D:12     | Reached skill level 17 in Stealth
 19152 | D:13     | Reached skill level 5 in Armour
 19237 | D:13     | Noticed Frances
 19252 | D:13     | Killed Frances
 19495 | D:13     | Noticed Norris
 19535 | D:13     | Killed Norris
 19845 | Spider:1 | Entered Level 1 of the Spider Nest
 20218 | Spider:1 | Noticed an emperor scorpion
 20278 | Spider:1 | Killed an emperor scorpion
 20787 | Spider:2 | Reached XP level 16. HP: 96/96 MP: 17/17
 20905 | Spider:2 | Reached skill level 10 in Shields
 21287 | Spider:3 | Gained mutation: You possess an exceptional clarity of mind. [potion of beneficial mutation]
 21313 | Spider:3 | Reached skill level 18 in Stealth
 21457 | Spider:3 | Noticed Aizul
 21485 | Spider:3 | Killed Aizul
 22693 | Spider:4 | Entered Level 4 of the Spider Nest
 22753 | Spider:4 | Noticed Emanloe's ghost (adept GrBe)
 22912 | Spider:4 | Killed Emanloe's ghost
 23304 | Spider:4 | Learned a level 8 spell: Necromutation
 23361 | Spider:4 | Demolished by a wolf spider

Vault maps used:
D:1:      dpeg_arrival_simpleton_b
D:2:      bloody_trog, first_bread, uniq_sigmund, uniq_robin
D:3:      old_standard_altar, nicolae_ru_sacrificial_ziggurat
D:4:      old_standard_altar, serial_shops, shop, minivault_25
D:5:      nemelex_xobeh_ov_fountains_minmay, xom_redecorated,
          kiku_gazebo_garden_becter
D:6:      lemuel_crystal_altar, minmay_temple_entry_junction
D:7:      tso_metal_star
D:8:      okawaru_humans, uniq_joseph
D:9:      david_lair_generic, hangedman_fish_farm, kennysheep_generic_room_4
D:10:     basic_altar
D:11:     minmay_orc_entry_temple_small
D:12:     uniq_nergalle
D:13:     david_vaults_3, uniq_frances
Temple:   water_room_temple_b_12
Lair:1:   dragon1_lemuel, serial_bayou_shore_a, uniq_erica
Lair:2:   gammafunk_lair_bear_cave, lab_entry_generic, st_stairs_10,
          minmay_another_anthill, lemuel_fruit_tree, uniq_sonja
Lair:3:   minmay_swamp_entry_worms, portal_ice_cave_entry_imps, minivault_27
Lair:4:   minmay_holes, grunt_megastairs_5, uniq_urug
Lair:5:   nicolae_spider_entry_tight_spaces, disabler_island
Lair:6:   grunt_megastairs_4, infiniplex_staircase_pool_2
Lair:7:   fungi_pond_lemuel
Lair:8:   due_jungle_book, slime_altar_1, minivault_19
Spider:1: spider_trap
Spider:3: uniq_aizul
Spider:4: grunt_spider_rune_island, hangedman_spider_tarantella_strand
Orc:2:    st_orc_rangers
Lab:      labyrinth_hidden_loot, nicolae_lab_plus, nicolae_lab_garden,
          labyrinth_glass_2, nicolae_lab_statue
IceCv:    ice_cave_tombish

Skill      XL: |  1  2  3  4  5  6  7  8  9 10 11 12 13 14 15 16 |
---------------+-------------------------------------------------+-----
Stealth        | 5 6 7 8 9 10 11 12 14 15 16 17 18 | 18.7
Short Blades   | 2 3 4 7 9 10 | 10.3
Shields        | 1 3 5 6 9 12 | 12.0
Hexes          | 3 4 |  4.0
Fighting       | 2 7 10 11 12 | 12.7
Dodging        | 2 4 8 10 | 10.6
Armour         | 1 2 3 4 5 |  5.0
Throwing       | |  1.7

Action                   |  1- 3 |  4- 6 |  7- 9 | 10-12 | 13-15 | 16-18 || total
-------------------------+-------+-------+-------+-------+-------+-------++-------
Melee: Dagger            |    70 |    91 |   400 |  1058 |  1816 |   647 ||  4082
       Bite              |    24 |    25 |   125 |   450 |  1021 |   405 ||  2050
 Fire: Blowgun           |       |       |     5 |    23 |       |       ||    28
Evoke: Wand              |       |       |       |     2 |     2 |       ||     4
  Use: Scroll            |       |       |       |    12 |     8 |     3 ||    23
       Potion            |       |       |       |     8 |     1 |     2 ||    11
 Stab: Sleeping          |     7 |    20 |    31 |    39 |    90 |    16 ||   203
       Distracted        |       |       |     2 |     7 |    10 |     3 ||    22
       Paralysed         |       |       |     1 |    22 |    80 |    23 ||   126
  Eat: Chunk             |       |     3 |     9 |    10 |    26 |     4 ||    52
       Royal jelly       |       |     1 |       |       |       |     3 ||     4
       Meat ration       |       |       |       |     1 |       |       ||     1
       Fruit             |       |       |       |     3 |       |       ||     3
       Pizza             |       |       |       |     1 |     2 |       ||     3
       Beef jerky        |       |       |       |     1 |       |       ||     1
Armor: Robe              |     1 |       |       |       |       |       ||     1
       Troll leather arm |    25 |    27 |    97 |   197 |   175 |    80 ||   601
Dodge: Dodged            |    42 |    25 |   121 |   293 |   694 |   419 ||  1594
Block: Shield            |       |    11 |    30 |   434 |  1125 |   632 ||  2232
       Buckler           |       |       |    25 |    23 |       |       ||    48
       Reflection        |       |       |       |     8 |    68 |       ||    76
